 Dungeon Crawl Stone Soup version 0.19.0-2-gae57169 (webtiles) character file.

672 Patchouli the Cudgeler (level 7, -2/44 HPs)
             Began as a Gargoyle Fighter on Nov 5, 2016.
             Was an Initiate of Okawaru.
             Slain by an orc warrior
             ... wielding a +0 mace
              (13 damage)
             ... on level 7 of the Dungeon.
             The game lasted 00:11:19 (2234 turns).

Patchouli the Cudgeler (Gargoyle Fighter)           Turns: 2234, Time: 00:11:20

Health: -2/44      AC: 13    Str: 26    XL:     7   Next: 58%
Magic:  7/7        EV:  7    Int:  9    God:    Okawaru [......]
Gold:   91         SH: 10    Dex:  9    Spells: 0 memorised, 6 levels left

rFire  . . .     SeeInvis .     a - +1 flail
rCold  . . .     Gourm    .     b - +0 scale mail
rNeg   + . .     Faith    .     c - +0 shield
rPois  ∞         Spirit   .     g - +0 helmet
rElec  +         Reflect  .     (no cloak)
rCorr  .         Harm     .     (no gloves)
MR     .....                    (no boots)
Stlth  ..........               w - amulet of rage
                                (no ring)
                                (no ring)

@: mighty, drained
A: negative energy resistance 1, electricity resistance, unbreathing,
petrification resistance, rot immunity, AC +4
a: Renounce Religion, Evoke Berserk Rage


You were on level 7 of the Dungeon.
You worshipped Okawaru.
Okawaru was noncommittal.
You were hungry.

You visited 2 branches of the dungeon, and saw 8 of its levels.

You collected 216 gold pieces.
You spent 125 gold pieces at shops.

Inventory:

Hand Weapons
 a - a +1 flail (weapon)
 d - a cursed -2 halberd
Armour
 b - a +0 scale mail (worn)
 c - a +0 shield (worn)
 g - a +0 helmet (worn)
 l - a cursed +0 ring mail
Jewellery
 w - an amulet of rage (around neck)
 x - an uncursed amulet of harm
Wands
 r - a wand of paralysis (9/24)
Scrolls
 e - a scroll of magic mapping {unknown}
 h - a scroll of blinking {unknown}
 i - a scroll of teleportation {unknown}
 j - a scroll of immolation {unknown}
 n - 2 scrolls of remove curse {unknown}
 o - 7 scrolls of amnesia {unknown}
 p - a scroll of fog {unknown}
 q - 7 scrolls of identify {unknown}
 s - 2 scrolls of recharging {unknown}
 t - 2 scrolls of enchant armour {unknown}
Potions
 z - a potion of heal wounds
Comestibles
 f - 3 bread rations
 k - a meat ration
 m - a beef jerky
 u - 2 chunks of flesh
 v - a slice of pizza


   Skills:
 + Level 5.2(4.4) Fighting
 * Level 5.2(4.5) Maces & Flails
 + Level 5.0(4.3) Armour
 + Level 4.9(4.1) Shields
 + Level 0.9(0.3) Invocations
 + Level 0.8(0.1) Evocations


You had 6 spell levels left.
You didn't know any spells.

Dungeon Overview and Level Annotations

Branches:
Dungeon (7/15)             Temple (1/1) D:5

Altars:
Ashenzari
Cheibriados
Hepliaklqana
Makhleb
Okawaru
Sif Muna
Trog
Zin
The Shining One
Lugonu

Shops:
D:5 *

Annotations:
D:4 Blork the orc


Innate Abilities, Weirdness & Mutations

You are resistant to torment.
Your stone body is resilient. (AC +4)
You are immune to poison.
You resist negative energy. (rN+)
You are resistant to electric shocks. (rElec)
You can survive without breathing.
You are immune to petrification.
You are immune to rotting.


Message History

The orc warrior is severely wounded.
You block the orc warrior's attack.
You closely miss the orc warrior.
The orc warrior is severely wounded.
You block the orc warrior's attack.
You hit the orc warrior.
The orc warrior is almost dead.
You block the orc warrior's attack.
You barely miss the orc warrior.
The orc warrior is almost dead.
You block the orc warrior's attack.
The orc warrior hits you but does no damage.
You closely miss the orc warrior.
The orc warrior is almost dead.
You barely miss the orc warrior.
The orc warrior is almost dead.
The orc warrior hits you with a mace.
* * * LOW HITPOINT WARNING * * *
The orc warrior hits you with a mace!
You die...

#.. #.#
#.#.#
.....
#.#.#
##.#.#
.o#.# #
#.#@#
#..##.#o##
#....ooo<#
#.##..#.##
#.##.# ...
### ####


You could see an orc warrior and 2 orcs.

Vanquished Creatures
  An ice beast (D:5)
  A phantom (D:5)
  A scorpion (D:5)
  A bullfrog zombie (D:3)
  2 hounds
  A jelly (D:6)
  A bullfrog skeleton (D:5)
  4 orc wizards
  Natasha (D:3)
  3 adders
  4 gnolls (D:5)
  A shadow imp (D:5)
  An ooze (D:3)
  3 worms
  A dart slug (D:1)
  2 leopard geckos
  6 orcs
  4 bats
  3 giant cockroaches (D:1)
  9 goblins
  3 hobgoblins
  4 jackals (D:3)
  4 kobolds
  A ball python (D:2)
  3 frilled lizards
  A rat (D:2)
66 creatures vanquished.

Notes
Turn   | Place    | Note
-------+----------+-------------------------------------------
     0 | D:1      | Patchouli the Gargoyle Fighter began the quest for the Orb.
     0 | D:1      | Reached XP level 1. HP: 14/14 MP: 1/1
   192 | D:1      | Reached XP level 2. HP: 19/19 MP: 2/2
   480 | D:2      | Reached XP level 3. HP: 11/24 MP: 3/3
   737 | D:2      | Reached XP level 4. HP: 28/29 MP: 4/4
   826 | D:4      | Noticed Blork the orc
  1090 | D:3      | Noticed Natasha
  1112 | D:3      | Killed Natasha
  1378 | D:3      | Reached XP level 5. HP: 32/34 MP: 5/5
  1641 | D:5      | Entered Level 5 of the Dungeon
  1661 | D:5      | Found Totsua's Assorted Antiques.
  1672 | D:5      | Reached XP level 6. HP: 31/39 MP: 6/6
  1701 | D:5      | Noticed a phantom
  1765 | D:5      | Killed a phantom
  1775 | D:5      | Bought a potion of heal wounds for 125 gold pieces
  1794 | D:5      | Found a staircase to the Ecumenical Temple.
  1799 | Temple   | Entered the Ecumenical Temple
  1818 | Temple   | Became a worshipper of Warmaster Okawaru
  1838 | D:5      | Noticed an ice beast
  1853 | D:5      | Killed an ice beast
  1853 | D:5      | Reached XP level 7. HP: 44/44 MP: 7/7
  1878 | D:5      | Reached skill level 5 in Fighting
  1901 | D:5      | Reached skill level 5 in Maces & Flails
  2098 | D:6      | Reached skill level 5 in Armour
  2234 | D:7      | Slain by an orc warrior

Skill      XL: |  1  2  3  4  5  6  7 |
---------------+----------------------+-----
Maces & Flails | 3 4 5 |  5.2
Fighting       | 4 5 |  5.2
Armour         | 4 5 |  5.0
Shields        | 4 |  4.9
Invocations    | |  0.9
Evocations     | |  0.8

Action                   |  1- 3 |  4- 6 |  7- 9 || total
-------------------------+-------+-------+-------++-------
Melee: Flail             |   122 |   231 |    85 ||   438
 Abil: Evoke Berserk Rag |       |       |     1 ||     1
Evoke: Wand              |       |     1 |       ||     1
  Use: Potion            |       |     3 |     1 ||     4
       Scroll            |       |     2 |       ||     2
  Eat: Chunk             |       |     4 |     2 ||     6
Armor: Scale mail        |    63 |   133 |    42 ||   238
Dodge: Dodged            |    37 |    76 |    25 ||   138
Block: Shield            |    54 |   118 |    52 ||   224
